 Dungeon Crawl Stone Soup version 0.28.0-43-g3370ac3207 (webtiles) character file.

Game seed: 10626754283412646760

101841 TheDeanity the Bludgeoner (level 15, -1/154 HPs)
             Began as a Troll Fighter on Mar 15, 2022.
             Was the Champion of Zin.
             Slain by a culicivora (9 damage)
             ... on level 2 of the Lair of Beasts.
             The game lasted 01:48:46 (25790 turns).

TheDeanity the Bludgeoner (Troll Fighter)          Turns: 25790, Time: 01:48:47

Health: -1/154     AC: 16    Str: 34    XL:     15   Next: 84%
Magic:  23/23      EV: 10    Int:  4    God:    Zin [******]
Gold:   1877       SH:  0    Dex:  9    Spells: 14/14 levels left

rFire   . . .      SeeInvis .   a - +1 giant spiked club
rCold   . . .      Faith    .   (shield currently unavailable)
rNeg    + . .      Spirit   .   C - +0 steam dragon scales
rPois   +          Reflect  .   d - +1 hat
rElec   .          Harm     .   H - +5 cloak "Vowa" {Rampage}
rCorr   .          Rampage  +   (gloves unavailable)
Will    ++...                   (boots unavailable)
Stlth   ++........              k - amulet of the acrobat
HPRegen 1.15/turn               y - ring of willpower
MPRegen 0.18/turn               E - ring "Fanis" {rPois rN+ Stlth+}

@: about to teleport, on recite cooldown
A: large, unfitting armour, claws 3, regeneration 1, shaggy fur 1, tough skin 1
a: Renounce Religion, Recite, Vitalisation, Imprison, Sanctuary, Donate Gold


You were on level 2 of the Lair of Beasts.
You worshipped Zin.
Zin was exalted by your worship.
You visited 4 branches of the dungeon, and saw 24 of its levels.

You collected 3418 gold pieces.
You spent 1295 gold pieces at shops.
You donated 246 gold pieces to Zin.

Inventory:

Hand Weapons
 a - a +1 giant spiked club (weapon)
 b - a +1 eveningstar of holy wrath
Missiles
 J - a javelin (quivered)
 P - a throwing net
Armour
 d - a +1 hat (worn)
 C - +0 steam dragon scales (worn)
 H - the +5 cloak "Vowa" (worn) {Rampage}
   (You bought it in a shop on level 9 of the Dungeon)

   Rampage:   It bestows one free step when moving towards enemies.
Jewellery
 j - a ring of ice
 k - an amulet of the acrobat (around neck)
 l - an amulet of reflection
 m - a ring of resist corrosion
 o - a +4 ring of evasion
 w - a ring of see invisible
 y - a ring of willpower (left claw)
 E - the ring "Fanis" (right claw) {rPois rN+ Stlth+}
   (You bought it in a shop on level 1 of the Orcish Mines)

   [ring of positive energy]

   rPois:     It protects you from poison.
   rN:        It protects you from negative energy.
   Stlth:     It makes you more stealthy.
 G - a ring of positive energy
Wands
 c - a wand of acid (5)
 z - a wand of iceblast (29)
 N - a wand of mindburst (3)
 O - a wand of flame (21)
 U - a wand of paralysis (8)
Scrolls
 e - 4 scrolls of immolation
 g - 2 scrolls of fear
 h - 3 scrolls of summoning
 n - 14 scrolls of teleportation
 r - 3 scrolls of blinking
 u - 2 scrolls of magic mapping
 v - 5 scrolls of fog
 D - 3 scrolls of enchant armour
 F - a scroll of holy word
 T - a scroll of amnesia
Potions
 f - 2 potions of ambrosia
 i - 4 potions of berserk rage
 p - 4 potions of attraction
 q - 3 potions of magic
 s - 4 potions of haste
 t - 2 potions of flight
 x - 3 potions of curing
 I - a potion of mutation
 K - a potion of resistance
 L - 2 potions of brilliance
 M - 3 potions of heal wounds
 W - a potion of invisibility {unknown}


   Skills:
 + Level 11.5 Fighting
 * Level 17.0 Maces & Flails
 - Level 8.0 Throwing
 + Level 7.8 Armour
 - Level 2.4 Dodging
 - Level 2.4 Shields
 - Level 12.0 Invocations


You had 14 spell levels left.
You didn't know any spells.
Your spell library contained the following spells:

 Spells                   Type           Power      Damage    Failure   Level
 Animate Skeleton         Necr           0%         N/A       50%         1
 Apportation              Tloc           0%         N/A       50%         1
 Freeze                   Ice            0%         1d3       50%         1
 Summon Small Mammal      Summ           0%         N/A       50%         1
 Static Discharge         Conj/Air       0%         N/A       65%         2
 Dazzling Flash           Conj/Hex       0%         N/A       86%         3
 Frozen Ramparts          Ice            0%         1d2       86%         3
 Gell's Gravitas          Tloc           0%         N/A       86%         3
 Ignite Poison            Fire/Tmut/Pois 0%         N/A       86%         3
 Mephitic Cloud           Conj/Pois/Air  0%         N/A       86%         3
 Teleport Other           Tloc           0%         N/A       86%         3
 Cause Fear               Hex            0%         N/A       99%         4
 Dispel Undead            Necr           0%         3d6       99%         4
 Hailstorm                Conj/Ice       0%         3d3       99%         4
 Leda's Liquefaction      Hex/Erth       0%         N/A       99%         4
 Petrify                  Tmut/Erth      0%         N/A       99%         4
 Sticky Flame             Conj/Fire      0%         2d3       99%         4
 Agony                    Necr           0%         N/A       100%        5
 Freezing Cloud           Conj/Ice/Air   0%         6-21      100%        5
 Lee's Rapid Deconstruct  Erth           0%         3d5*      100%        5
 Metabolic Englaciation   Hex/Ice        0%         N/A       100%        5
 Silence                  Hex/Air        0%         N/A       100%        5
 Dispersal                Tloc           0%         N/A       100%        6
 Statue Form              Tmut/Erth      0%         N/A       100%        6
 Dragon Form              Tmut           0%         N/A       100%        7
 Dragon's Call            Summ           0%         N/A       100%        9


Dungeon Overview and Level Annotations

Branches:
Dungeon (15/15)            Temple (0/1) D:5            Lair (6/6) D:9
  Swamp (0/4) Lair:3       Spider (1/4) Lair:2        Slime (0/5) Lair:5
    Orc (2/2) D:10            Elf (0/3) Orc:2        Vaults (0/5) D:13
 Depths (0/4) D:15

Altars:
Ashenzari
Dithmenos
Gozag
Kikubaaqudgha
Nemelex Xobeh
Okawaru
Qazlal
Sif Muna
Vehumet
Yredelemnul
Zin
Beogh
Jiyva

Shops:
D:9 [   D:10 !   D:13 [   Orc:1 =   Orc:2 ?[[[(

Annotations:
D:4 Robin
Spider:1 Frances


Innate Abilities, Weirdness & Mutations

You are too large for most types of armour.
You have claws for hands.
Your natural rate of healing is unusually fast.
You are covered in fur. (AC +1)
You have tough skin. (AC +1)


Message History

The moth of wrath goads the culicivora on!
The culicivora goes berserk!
The culicivora bites you!
The tarantella hisses angrily.
You hit Frances but do no damage.
Frances is severely wounded.
The culicivora bites you!
The culicivora draws strength from your injuries!
The culicivora bites you!!
The culicivora draws strength from your injuries!
Frances closely misses you.
Blink to where?
Press: ? - help, Dir - move target, p - Frances A redback comes into view.
As you read the scroll of blinking, it crumbles to dust.
The culicivora rages.
Frances is caught in a web!
The culicivora bites you!!
* * * LOW HITPOINT WARNING * * *
The culicivora draws strength from your injuries!
Frances says, "Would you challenge me, knowing my power?"
Frances whispers indecipherable words.
Frances seems to speed up.
Frances pulls away from the web.
There is a crawl-hole back to the Lair, spattered with blood here.
The culicivora closely misses you. The culicivora bites you!
* * * LOW HITPOINT WARNING * * *
The culicivora draws strength from your injuries!
You climb upwards.
Welcome back to the Lair of Beasts!
There is a hole to the Spider Nest here.
As you read the scroll of teleportation, it crumbles to dust.
You feel strangely unstable. The culicivora bites you!!
* * * LOW HITPOINT WARNING * * *
The culicivora draws strength from your injuries!
The culicivora bites you.
* * * LOW HITPOINT WARNING * * *
The culicivora draws strength from your injuries!
You feel much better. The culicivora bites you!!
* * * LOW HITPOINT WARNING * * *
The culicivora draws strength from your injuries!
The culicivora bites you!
You die...

.##### #.......#### ##.### #####
##........#P#### ##.# .#..#
#..............### #P.# ....##
#........^.......# #P.### ##...##
###.#........^...# #..##.
......## ##.##^.........P####'###
......P# #P.##^^..^###...........
.......###...#^s^^^^#####........
.......#P.....#^@^^###.P##.......
...............^^^##^...##.......
......##.###^^...##^.....'.......
......#### #^^.........###.......
..#P.## ####^^.^....^.# ##...###
..#### #P.#^##...^...# #.#####
#.## ##..##........# ##...##.
.+.#### ##.#.#.##..### #.......
......# #.........# #######.


You could see a culicivora (berserk).

Vanquished Creatures
  Roxanne (D:15)
  An orc warlord (Orc:2)
  Louise (D:15)
  Josephine (D:12)
  Fannar (D:12)
  6 boulder beetles
  12 hydras
  A two-headed ogre (shapeshifter) (D:13)
  A catoblepas (Lair:6)
  3 centaur warriors (D:14)
  15 death yaks
  2 tengu warriors
  3 orc high priests (Orc:2)
  3 two-headed ogres
  2 skeletal warriors (D:15)
  An orb spider (Spider:1)
  A sea snake (shapeshifter) (D:13)
  A steelbarb worm (Lair:2)
  A flayed ghost (D:15)
  3 deep elf pyromancers
  4 orc knights
  A necromancer (D:15)
  A wolf spider (Spider:1)
  2 manticores
  5 ugly things
  A moth of wrath (Spider:1)
  2 cyclopes
  14 elephants
  3 black mambas
  3 centaur zombies
  A stone giant skeleton (D:15)
  21 cane toads
  2 torpor snails
  An unseen horror (D:12)
  A kobold demonologist (D:9)
  An unseen horror (shapeshifter) (D:14)
  A demonic crawler (Spider:1)
  4 rime drakes
  14 komodo dragons
  An efreet (D:15)
  A tengu conjurer (D:13)
  5 polar bears
  10 trolls
  A troll (shapeshifter) (D:13)
  A tyrant leech (Lair:3)
  3 hornets (Lair:6)
  Grinder (D:4)
  An ettin zombie (D:15)
  8 slime creatures
  13 blink frogs
  9 dream sheep
  A spriggan (shapeshifter) (D:13)
  11 spriggans (Lair:6)
  8 wraiths
  Eustachio (D:4)
  A culicivora (Spider:1)
  70 yaks
  4 wyverns
  3 basilisks
  2 steam dragons
  6 redbacks
  3 vampire mosquitoes (D:15)
  4 swamp worms (Lair:3)
  Menkaure (D:4)
  6 wargs
  3 acid dragons
  Edmund (D:3)
  17 water moccasins
  35 orc warriors
  2 ice beasts (D:5)
  5 black bears
  2 necrophages
  2 ogres
  4 boggarts (Lair:6)
  7 centaurs
  25 wolves
  3 kobold brigands
  A phantom (D:5)
  13 bullfrogs
  5 scorpions
  4 killer bees (D:9)
  3 wights (D:9)
  4 howler monkeys (D:8)
  An electric eel (Lair:3)
  A bullfrog zombie (D:5)
  A centaur skeleton (D:7)
  7 hounds
  A jelly (D:7)
  2 gnoll shamans
  27 orc priests
  Ijyb (D:5)
  An iguana (D:5)
  25 orc wizards
  A hound skeleton (D:4)
  2 mummies (D:9)
  4 howler monkey zombies
  10 gnolls
  7 adders
  2 howler monkey skeletons (D:7)
  A shadow imp (D:8)
  A white imp (D:5)
  2 adder skeletons (D:4)
  A worm (D:2)
  2 dart slugs
  109 orcs
  4 endoplasms
  3 giant cockroaches
  8 goblins
  7 hobgoblins
  4 jackals (D:3)
  11 kobolds
  4 quokkas
  6 ball pythons
  4 bats
  8 frilled lizards
  6 rats
727 creatures vanquished.

Vanquished Creatures (others)
  A fire giant skeleton (D:15)
  A spriggan zombie (D:15)
  An orc wizard (Orc:2)
  An orc (D:10)
  38 fungi
  A pillar of salt (D:15)
  64 plants
  4 toadstools (D:1)
  7 withered plants (D:15)
118 creatures vanquished.

Grand Total: 845 creatures vanquished

Notes
Turn   | Place    | Note
-------+----------+-------------------------------------------
     0 | D:1      | TheDeanity the Troll Fighter began the quest for the Orb.
     0 | D:1      | Reached XP level 1. HP: 22/22 MP: 0/0
   111 | D:1      | Reached skill level 2 in Maces & Flails
   177 | D:1      | Reached XP level 2. HP: 29/29 MP: 1/1
   932 | D:2      | Found a faded altar of an unknown god.
   943 | D:2      | Reached XP level 3. HP: 36/36 MP: 2/2
  1013 | D:2      | Reached skill level 3 in Maces & Flails
  1022 | D:2      | Found a glowing silver altar of Zin.
  1098 | D:2      | GL
  1116 | D:2      | Reached XP level 4. HP: 42/45 MP: 3/3
  1212 | D:2      | Reached skill level 1 in Throwing
  1534 | D:2      | Became a worshipper of Zin the Law-Giver
  1569 | D:3      | Reached * piety under Zin
  1581 | D:3      | Noticed a kobold brigand
  1599 | D:3      | Killed a kobold brigand
  1600 | D:3      | Reached skill level 1 in Invocations
  1600 | D:3      | Reached XP level 5. HP: 27/53 MP: 4/4
  1817 | D:3      | Reached skill level 4 in Maces & Flails
  1969 | D:3      | Found a radiant altar of Vehumet.
  2021 | D:3      | Found an ancient bone altar of Kikubaaqudgha.
  2044 | D:3      | Reached XP level 6. HP: 48/61 MP: 6/6
  2553 | D:4      | Noticed Grinder
  2574 | D:4      | Paralysed by Grinder for 7 turns
  2587 | D:4      | Killed Grinder
  2588 | D:4      | Reached XP level 7. HP: 27/68 MP: 6/8
  2683 | D:4      | Reached skill level 5 in Maces & Flails
  2744 | D:4      | Found a basalt altar of Yredelemnul.
  2755 | D:4      | Noticed Robin
  2759 | D:4      | Noticed Edmund
  2915 | D:3      | Killed Edmund
  3151 | D:4      | Noticed Eustachio
  3171 | D:4      | Killed Eustachio
  3359 | D:4      | Noticed Menkaure
  3420 | D:4      | Killed Menkaure
  3421 | D:4      | Reached XP level 8. HP: 35/79 MP: 10/10
  3646 | D:5      | Entered Level 5 of the Dungeon
  3652 | D:5      | Reached skill level 6 in Maces & Flails
  3683 | D:5      | Reached ** piety under Zin
  3970 | D:5      | Reached skill level 5 in Invocations
  4706 | D:5      | Found a staircase to the Ecumenical Temple.
  4769 | D:5      | Noticed Ijyb
  4789 | D:5      | Killed Ijyb
  4860 | D:5      | Reached skill level 7 in Maces & Flails
  4886 | D:5      | Reached *** piety under Zin
  4937 | D:6      | Reached skill level 5 in Fighting
  4939 | D:6      | Reached XP level 9. HP: 88/88 MP: 12/12
  4949 | D:6      | Found a shadowy altar of Dithmenos.
  4972 | D:6      | Found a broken altar of Ashenzari.
  5981 | D:7      | Found a glowing silver altar of Zin.
  6010 | D:7      | Found a shimmering blue altar of Sif Muna.
  6243 | D:7      | Found a sparkling altar of Nemelex Xobeh.
  6602 | D:7      | Reached **** piety under Zin
  6636 | D:7      | Reached skill level 8 in Maces & Flails
  6746 | D:7      | Found an iron altar of Okawaru.
  6996 | D:8      | Found an opulent altar of Gozag.
  7131 | D:8      | Found a stormy altar of Qazlal.
  7759 | D:9      | Found Soonujuagg's Antique Armour Shop.
  7825 | D:9      | Reached XP level 10. HP: 98/98 MP: 14/14
  8139 | D:9      | Found a staircase to the Lair.
  8211 | D:9      | Reached skill level 9 in Maces & Flails
  8299 | D:9      | Reached ***** piety under Zin
  8324 | D:9      | Noticed a two-headed ogre
  8349 | D:9      | Killed a two-headed ogre
  8350 | D:9      | Reached skill level 5 in Throwing
  8780 | D:9      | Bought a polished cloak for 342 gold pieces
  8780 | D:9      | Identified the +5 cloak "Vowa" {Rampage} (You bought it in
                  | a shop on level 9 of the Dungeon)
  8801 | D:10     | Entered Level 10 of the Dungeon
  8862 | D:10     | Noticed an orc knight
  8948 | D:10     | Found a staircase to the Orcish Mines.
  9098 | D:10     | Killed an orc knight
  9433 | D:10     | Reached XP level 11. HP: 72/107 MP: 16/16
  9529 | D:10     | Noticed a deep elf pyromancer
  9536 | D:10     | Killed a deep elf pyromancer
  9661 | D:10     | Reached skill level 10 in Maces & Flails
  9959 | D:10     | Found Xoquac's Distillery.
  9974 | D:10     | Bought a potion of lignification for 36 gold pieces
  9974 | D:10     | Bought a potion of attraction for 36 gold pieces
 10417 | D:11     | Noticed a deep elf pyromancer
 10429 | D:11     | Killed a deep elf pyromancer
 10851 | D:11     | Noticed a two-headed ogre
 10858 | D:11     | Killed a two-headed ogre
 11119 | D:11     | You fall into a shaft and drop 1 floor!
 11233 | D:12     | Reached skill level 10 in Invocations
 11356 | D:12     | Noticed Josephine
 11375 | D:12     | Killed Josephine
 11376 | D:12     | Reached skill level 11 in Maces & Flails
 11384 | D:12     | Reached XP level 12. HP: 38/115 MP: 18/18
 11481 | D:12     | Noticed a six-headed hydra
 11502 | D:12     | Killed a six-headed hydra
 12249 | D:12     | Noticed Fannar
 12293 | D:12     | Killed Fannar
 12563 | D:13     | Noticed a boulder beetle
 12589 | D:13     | Killed a boulder beetle
 12660 | D:13     | Found Deucw's Armour Emporium.
 12688 | D:13     | Noticed a boulder beetle
 12703 | D:13     | Killed a boulder beetle
 12708 | D:13     | Noticed a tengu warrior
 12737 | D:13     | Killed a tengu warrior
 13338 | D:13     | Found a gate to the Vaults.
 13338 | D:13     | Noticed a two-headed ogre
 13344 | D:13     | Killed a two-headed ogre
 13632 | Lair:1   | Entered Level 1 of the Lair of Beasts
 13655 | Lair:1   | Reached skill level 12 in Maces & Flails
 13720 | Lair:1   | Noticed a seven-headed hydra
 13740 | Lair:1   | Killed a seven-headed hydra
 13854 | Lair:1   | Found a radiant altar of Vehumet.
 13890 | Lair:1   | Noticed a death yak
 13897 | Lair:1   | Noticed a death yak
 13926 | Lair:1   | Killed a death yak
 14130 | Lair:1   | Reached XP level 13. HP: 106/127 MP: 20/20
 15035 | Lair:2   | Found a hole to the Spider Nest.
 15047 | Lair:2   | Reached skill level 1 in Armour
 15665 | Lair:3   | Reached skill level 13 in Maces & Flails
 16052 | Lair:3   | Reached ****** piety under Zin
 16811 | Lair:3   | Found a staircase to the Swamp.
 17545 | Lair:4   | Reached skill level 14 in Maces & Flails
 17545 | Lair:4   | Reached XP level 14. HP: 131/140 MP: 22/22
 18447 | Lair:5   | Found a viscous altar of Jiyva.
 18447 | Lair:5   | Found a staircase to the Slime Pits.
 18659 | Lair:5   | Reached skill level 5 in Armour
 18662 | Lair:5   | Reached skill level 10 in Fighting
 18955 | Lair:5   | Identified a scroll of acquirement
 18958 | Lair:5   | Acquired 1110 gold pieces
 19328 | Lair:6   | Entered Level 6 of the Lair of Beasts
 19473 | Lair:6   | Reached skill level 15 in Maces & Flails
 20500 | Lair:6   | Identified the +7 dagger "Vavycaiqu" {vamp, *Rage rElec rF+
                  | Dex+5}
 21033 | Lair:6   | Reached XP level 15. HP: 152/152 MP: 23/23
 21298 | Lair:6   | Paralysed by a hornet for 1 turns
 21553 | Orc:1    | Entered Level 1 of the Orcish Mines
 21556 | Orc:1    | Found Kiuleda's Jewellery Boutique.
 21979 | Orc:2    | Entered Level 2 of the Orcish Mines
 22016 | Orc:2    | Found a staircase to the Elven Halls.
 22303 | Orc:2    | Reached skill level 16 in Maces & Flails
 22334 | Orc:2    | Found Ladgh's Antique Armour Emporium.
 22937 | Orc:2    | Noticed an orc warlord
 22946 | Orc:2    | Killed an orc warlord
 23146 | Orc:2    | Found Tesubaitywn's Antique Armour Shop.
 23148 | Orc:2    | Found Repisu's Antique Weapon Boutique.
 23207 | Orc:2    | Found Wulidouw's Magic Scroll Shoppe.
 23375 | Orc:2    | Found Fawa's Armour Shoppe.
 23449 | Orc:2    | Bought a scroll of teleportation for 39 gold pieces
 23449 | Orc:2    | Bought a scroll of blinking for 97 gold pieces
 23449 | Orc:2    | Bought a scroll of identify for 26 gold pieces
 23449 | Orc:2    | Bought a scroll of identify for 26 gold pieces
 23449 | Orc:2    | Bought a scroll of identify for 26 gold pieces
 23449 | Orc:2    | Bought a scroll of blinking for 97 gold pieces
 23449 | Orc:2    | Bought a scroll of identify for 26 gold pieces
 23496 | Orc:1    | Bought the ring "Fanis" {rPois rN+ Stlth+} for 544 gold
                  | pieces
 24417 | D:15     | Entered Level 15 of the Dungeon
 24726 | D:15     | Noticed Roxanne
 24739 | D:15     | Killed Roxanne
 24866 | D:15     | Noticed Louise
 24879 | D:15     | Killed Louise
 25190 | D:15     | Found a staircase to the Depths.
 25634 | Spider:1 | Entered Level 1 of the Spider Nest
 25644 | Spider:1 | Reached skill level 17 in Maces & Flails
 25775 | Spider:1 | Noticed Frances
 25789 | Lair:2   | HP: 7/154 [culicivora (25)]
 25789 | Lair:2   | HP: 3/154 [culicivora (4)]
 25790 | Lair:2   | Slain by a culicivora

Illustrated notes

# ######## #.
###.... .##### #.
##...####.....
#..#..##....##...
#..@#........#. .#
#..#.#......#.#...
#..#..#....#..#..
#.#....#..#....#
#.#.....##.....#.#
#.#.....##.....#.# #
#....#..#....#.###
#..#..#....#..#.....
...#.#.....†#.#....


Turn 1098 on D:2: GL

Levels and vault maps discovered:
D:1:      ldierk_water_garden, layout_loops_corners, minmay_3d_cube
D:2:      layout_rooms, nicolae_ecumenical_pavilion, basic_altar,
          minmay_circled_x
D:3:      layout_loops_ring, mainiacjoe_overflow_chevrons,
          mainiacjoe_overflow_24_doors, st_stairs_8
D:4:      layout_rooms, mainiacjoe_overflow_six_doors_small, uniq_grinder,
          uniq_edmund, uniq_eustachio, uniq_robin, uniq_menkaure
D:5:      layout_gridville, minmay_temple_entry_enclosed_plants, uniq_ijyb
D:6:      layout_cave_pods, kennysheep_mini_moat, grunt_dithmenos_smoke
D:7:      layout_cave_pods, nemelex_spade_bored_becter, okawaru_gym_becter,
          mainiacjoe_overflow_two_lobes
D:8:      layout_basic, grunt_gozag_statues, nicolae_qazlal_general_emergency,
          minmay_misc_feat_five, st_stairs_4, corexii_corridor_pit
D:9:      layout_cave_pools, lair_entry_dummy, serial_undead, serial_undead_d,
          serial_undead_b, serial_undead_b, serial_undead_e, serial_undead_e,
          serial_undead_e, serial_undead_b, serial_undead_b, serial_shops,
          nicolae_stop_n_shop_2, fountainhead, nicolae_wwwww
D:10:     layout_grid_maze, david_orc_5, serial_shops, shop
D:11:     layout_loops_corners
D:12:     layout_loops_ring, st_stairs_3, uniq_josephine, uniq_fannar
D:13:     layout_long_grid, david_vaults_2, serial_shops, shop
D:14:     layout_roguey, grunt_decor_clamped
D:15:     gammafunk_depths_entry_grave, layout_rooms, uniq_roxanne, uniq_louise
Lair:1:   layout_gridlike, basic_altar, nicolae_lair_grazing_beasts
          [nicolae_sub_lair_graze_edge, nicolae_sub_lair_graze_edge,
          nicolae_sub_lair_graze_edge, nicolae_sub_lair_graze_edge],
          grunt_megastairs_3
Lair:2:   layout_roguey, spider_nest_entry_webs, st_stairs_13
Lair:3:   layout_loops_ring, palyth_hydra_swamp_entry, beast_lair_carwin_6,
          serial_bayou_shore_a, grunt_megastairs_1, lemuel_fruit_tree
Lair:4:   layout_big_grid, infiniplex_staircase_pool, lemuel_fruit_fields
Lair:5:   layout_roguey, slime_altar_1, evilmike_ambush
          [evilmike_ambush_outer_basic, evilmike_ambush_inner_wall_2],
          serial_bayou_shore_b
Lair:6:   minmay_lair_end_enchanted_forest, layout_cave_shapes
Spider:1: layout_spider_delve, uniq_frances
Orc:1:    layout_caves, serial_shops, shop
Orc:2:    grunt_orc_community_town_hall, layout_caves,
          grunt_orc_community_big_house_1, grunt_orc_community_big_house_1,
          grunt_orc_community_house_1, grunt_orc_community_house_1,
          grunt_orc_community_house_3, grunt_orc_community_house_2,
          grunt_orc_community_house_2, grunt_orc_community_house_3,
          serial_shops, shop, mines2_david

Skill      XL: |  1  2  3  4  5  6  7  8  9 10 11 12 13 14 15 |
---------------+----------------------------------------------+-----
Maces & Flails | 2 3 4 5 7 8 9 11 12 14 15 17 | 17.0
Fighting       | 3 4 5 6 7 8 9 10 11 | 11.5
Throwing       | 1 2 4 5 6 7 8 |  8.0
Invocations    | 1 2 3 4 5 7 8 10 11 12 | 12.0
Armour         | 3 6 7 |  7.8
Dodging        | |  2.4
Shields        | |  2.4

Action                   |  1- 3 |  4- 6 |  7- 9 | 10-12 | 13-15 || total
-------------------------+-------+-------+-------+-------+-------++-------
Melee: Unarmed           |   116 |   114 |       |       |       ||   230
       Flail             |     2 |       |   308 |   824 |   753 ||  1887
       Whip              |       |    64 |   113 |       |       ||   177
       Punch             |       |     2 |     5 |    14 |    16 ||    37
       Mace              |       |       |       |    24 |       ||    24
       Giant spiked club |       |       |       |       |   840 ||   840
       Eveningstar       |       |       |       |       |     3 ||     3
Throw: Stone             |       |    37 |   154 |    23 |       ||   214
       Javelin           |       |       |       |    11 |    44 ||    55
       Large rock        |       |       |       |    37 |    61 ||    98
Invok: Recite            |       |     3 |    23 |    37 |    32 ||    95
       Vitalisation      |       |       |       |     6 |     9 ||    15
       Imprison          |       |       |       |       |     1 ||     1
       Sanctuary         |       |       |       |       |     1 ||     1
Evoke: Wand              |       |       |       |     2 |     4 ||     6
  Use: Scroll            |       |     1 |    10 |     3 |    18 ||    32
       Potion            |       |       |       |     3 |     2 ||     5
 Stab: Sleeping          |     1 |       |       |       |     2 ||     3
       Invisible         |       |       |     2 |    12 |     5 ||    19
       Paralysed         |       |       |     1 |     5 |    15 ||    21
       Confused          |       |       |       |     4 |     9 ||    13
Armor: Robe              |    46 |    74 |   132 |       |       ||   252
       Steam dragon scal |       |       |    17 |   395 |   660 ||  1072
Dodge: Dodged            |    46 |    72 |   282 |   545 |   982 ||  1927
Block: Kite shield       |    48 |    22 |       |       |       ||    70
       Other             |       |       |    41 |   191 |   141 ||   373
       Reflection        |       |       |     1 |     2 |       ||     3
